[Event "Titled Tuesday Blitz June 20 Early 2023"]
[White "Rosh Jain"]
[Black "Luna Javier, Edgar Froylan"]
[WhiteFideId "25789465"]
[BlackFideId "5120101"]
[WhiteElo "2233"]
[BlackElo "2091"]
[Result "1-0"]
[Round "6"]
[TimeControl "180+2"]
[Date "2023.06.20"]
[WhiteClock "0:00:05"]
[BlackClock "0:00:04"]
[Board "151"]

1. e4 c5 2. Nf3 Nc6 3. d4 cxd4 4. Nxd4 g6 5. Nc3 Bg7 6. Be3 Nf6 7. Qd2 Ng4 8. Nxc6 dxc6 9. Qxd8+ Kxd8 10. O-O-O+ Kc7 11. Bf4+ e5 12. Bg3 Bh6+ 13. Kb1 Bf4 14. Bxf4 exf4 15. Rd2 Rd8 16. Bd3 Be6 17. f3 Ne3 18. g3 fxg3 19. hxg3 h5 20. b3 f5 21. exf5 Bxf5 22. Re1 Nd5 23. Nxd5+ Rxd5 24. Re7+ Kb6 25. Kb2 Rad8 26. Kc3 Rc5+ 27. Kb2 Bxd3 28. cxd3 Rg5 29. g4 hxg4 30. fxg4 Rxg4 31. Kc2 Rd5 32. Rf2 Rg3 33. Rff7 Rgxd3 34. Rxb7+ Kc5 35. Rxa7 Rd2+ 36. Kc1 Rh2 37. Ra5+ Kd4 38. Ra4+ Ke3 39. Re7+ Kf3 40. Rf7+ Kg3 41. Rf6 Rc5+ 42. Kb1 g5 43. Re4 Rd5 44. Re3+ Kg4 45. Re4+ Kh5 46. Re1 Rc5 47. Rf7 Kh4 48. Rh7+ Kg3 49. Rg1+ Rg2 50. Rxg2+ Kxg2 51. Rg7 Kf3 52. b4 g4 53. bxc5 g3 54. Rxg3+ Kxg3 55. a4 Kf4 56. a5 Ke5 57. a6 1-0


[Site "https://www.chess.com"]

[Event "Titled Tuesday Blitz June 20 Early 2023"]
[White "Zaichenko, Daria"]
[Black "Bettalli, Francesco"]
[WhiteFideId "4197453"]
[BlackFideId "2816453"]
[WhiteElo "2039"]
[BlackElo "2216"]
[Result "0-1"]
[Round "6"]
[TimeControl "180+2"]
[Date "2023.06.20"]
[WhiteClock "0:01:25"]
[BlackClock "0:02:37"]
[Board "152"]

1. e4 e5 2. Nf3 Nf6 3. Nxe5 Nc6 4. Nxc6 dxc6 5. Bd3 Bc5 6. h3 h5 7. Nc3 Be6 8. b3 Qd6 9. Bb2 O-O-O 10. Na4 Bd4 11. c3 Bxf2+ 12. Kxf2 Qxd3 13. Re1 Qxd2+ 14. Re2 Qf4+ 15. Kg1 Rxd1+ 16. Rxd1 Ng4 17. hxg4 hxg4 18. c4 g3 19. Red2 Qe3+ 20. Kf1 Rh1# 0-1


[Site "https://www.chess.com"]

[Event "Titled Tuesday Blitz June 20 Early 2023"]
[White "SicilianPanzer"]
[Black "Titichoca Daza, Daniel"]
[BlackFideId "3309550"]
[WhiteElo "2232"]
[BlackElo "2101"]
[Result "1/2-1/2"]
[Round "6"]
[TimeControl "180+2"]
[Date "2023.06.20"]
[WhiteClock "0:00:02"]
[BlackClock "0:00:06"]
[Board "153"]

1. e4 c6 2. d4 d5 3. e5 Bf5 4. Nf3 e6 5. Be2 h6 6. O-O Nd7 7. c4 Ne7 8. Nc3 dxc4 9. Bxc4 Nd5 10. Re1 Be7 11. Ne4 O-O 12. a4 a5 13. Ng3 Bg6 14. Bd2 N7b6 15. Bb3 c5 16. dxc5 Bxc5 17. Rc1 Qe7 18. Bc2 Bxc2 19. Qxc2 Rfd8 20. Qxc5 Qxc5 21. Rxc5 Nxa4 22. Rxa5 Nxb2 23. Rb5 Nd3 24. Reb1 b6 25. Ne4 Ra2 26. g3 Rc8 27. R1b3 Nc5 28. Nxc5 bxc5 29. Be3 c4 30. Rb1 c3 31. Rc1 Kh7 32. Nd4 Rc4 33. Rb3 Rb2 34. Rcxc3 Rxb3 35. Rxb3 g5 36. h3 Kg6 37. Kg2 Ra4 38. Bc1 Ra2 39. h4 Ra1 40. Bb2 Rd1 41. hxg5 hxg5 42. Rb8 Kg7 43. Kf3 Ne7 44. Kg4 Kg6 45. Rb7 Nd5 46. f4 gxf4 47. gxf4 Rg1+ 48. Kf3 Rf1+ 49. Ke2 Rxf4 50. Nc6 Rc4 51. Nd8 Rf4 52. Bc1 Rf5 53. Kd3 Nf4+ 54. Bxf4 Rxf4 55. Nc6 Rf5 56. Ke4 Rf1 57. Rc7 Kg7 58. Rc8 Re1+ 59. Kf4 Rf1+ 60. Ke3 Re1+ 61. Kf2 Rh1 62. Ne7 Rh5 63. Rg8+ Kh7 64. Rf8 Kg7 65. Rg8+ Kh7 66. Rf8 Kg7 67. Rg8+ 1/2-1/2


[Site "https://www.chess.com"]

[Event "Titled Tuesday Blitz June 20 Early 2023"]
[White "Jovic, Stanoje"]
[Black "Larina, Maria"]
[WhiteFideId "905020"]
[BlackFideId "24113182"]
[WhiteElo "2236"]
[BlackElo "1848"]
[Result "1-0"]
[Round "6"]
[TimeControl "180+2"]
[Date "2023.06.20"]
[WhiteClock "0:00:51"]
[BlackClock "0:00:12"]
[Board "154"]

1. c4 f5 2. g3 Nf6 3. Bg2 g6 4. Nc3 Bg7 5. d3 d6 6. e4 e5 7. exf5 gxf5 8. h4 O-O 9. h5 Ng4 10. h6 Bh8 11. Nf3 Nd7 12. Rh5 Bf6 13. Nd5 c6 14. Nxf6+ Ndxf6 15. Rg5+ Kh8 16. Qb3 Qe7 17. Bd2 e4 18. Rg7 Rf7 19. Rxf7 Qxf7 20. Ng5 Qe7 21. dxe4 fxe4 22. O-O-O Nxf2 23. Rf1 Nd3+ 24. Kb1 Nc5 25. Qc3 e3 26. Rxf6 exd2 27. Rf8# 1-0


[Site "https://www.chess.com"]

[Event "Titled Tuesday Blitz June 20 Early 2023"]
[White "Ruge, Edison"]
[Black "Andreev, Konstantin"]
[WhiteFideId "4401000"]
[BlackFideId "24239305"]
[WhiteElo "2175"]
[BlackElo "2106"]
[Result "0-1"]
[Round "6"]
[TimeControl "180+2"]
[Date "2023.06.20"]
[WhiteClock "0:00:00"]
[BlackClock "0:00:06"]
[Board "155"]

1. e4 c5 2. Nf3 e6 3. d3 Nc6 4. Nbd2 g6 5. g3 Bg7 6. Bg2 Nge7 7. h4 h5 8. O-O O-O 9. Ng5 d6 10. f4 Rb8 11. Bf3 Qc7 12. Bxh5 f6 13. Bxg6 fxg5 14. Bh5 gxf4 15. gxf4 Kh8 16. Nf3 Ng8 17. Ng5 Nf6 18. Bf3 Nd4 19. Bg2 Bd7 20. c3 Nc6 21. Be3 Rbe8 22. d4 cxd4 23. cxd4 e5 24. fxe5 dxe5 25. d5 Nd4 26. Rxf6 Rxf6 27. Qh5+ Kg8 28. Qh7+ Kf8 29. Qh5 Kg8 30. Kh2 Qd6 31. Rf1 Rxf1 32. Bxf1 Re7 33. Qh7+ Kf8 34. Qh5 Be8 35. Qg4 Kg8 36. a3 Qf6 37. Bg2 Rc7 38. Bxd4 exd4 39. Ne6 Re7 40. h5 Bd7 41. Bh3 Bxe6 42. dxe6 d3 43. Qg3 Qe5 0-1


[Site "https://www.chess.com"]

[Event "Titled Tuesday Blitz June 20 Early 2023"]
[White "Cueto, Jonny"]
[Black "Heinemann, Josefine"]
[WhiteFideId "3300145"]
[BlackFideId "12900460"]
[WhiteElo "2240"]
[BlackElo "2342"]
[Result "0-1"]
[Round "6"]
[TimeControl "180+2"]
[Date "2023.06.20"]
[WhiteClock "0:02:09"]
[BlackClock "0:02:08"]
[Board "156"]

1. d4 d5 2. Bf4 Nf6 3. e3 c5 4. Nf3 Nc6 5. Nbd2 cxd4 6. exd4 Bg4 7. c3 e6 8. Be2 Be7 9. O-O O-O 10. Ne5 Bxe2 11. Qxe2 Nxe5 12. Bxe5 Nd7 13. Bg3 Rc8 14. f4 Bd6 15. Rf3 Re8 16. Raf1 Qc7 17. Qf2 b5 18. f5 e5 19. dxe5 Nxe5 20. Bxe5 Rxe5 21. f6 Bc5 0-1


[Site "https://www.chess.com"]

[Event "Titled Tuesday Blitz June 20 Early 2023"]
[White "Grossboss19"]
[Black "Kev4444444444"]
[WhiteElo "2437"]
[BlackElo "2188"]
[Result "1-0"]
[Round "6"]
[TimeControl "180+2"]
[Date "2023.06.20"]
[WhiteClock "0:01:30"]
[BlackClock "0:00:06"]
[Board "157"]

1. c4 c6 2. Nc3 d5 3. d4 Nf6 4. b3 e6 5. Bb2 Be7 6. e3 O-O 7. Bd3 Nbd7 8. Nf3 Bd6 9. O-O Qe7 10. Re1 dxc4 11. bxc4 e5 12. Qc2 Re8 13. Nd2 exd4 14. exd4 Qxe1+ 15. Rxe1 Rxe1+ 16. Nf1 Nf8 17. Qd2 Re7 18. Ng3 Bg4 19. f3 Bd7 20. Nce4 Nxe4 21. Nxe4 Bc7 22. Ba3 Ree8 23. Nd6 Bxd6 24. Bxd6 Re6 25. Bg3 Rae8 26. d5 cxd5 27. cxd5 Rb6 28. Bc7 Rf6 29. Qb2 b6 30. Be5 Rh6 31. Bxg7 Rh5 32. Bh8 Rg5 33. h4 Rg3 34. Kf2 f6 35. Qxf6 Ng6 36. Qg7# 1-0


[Site "https://www.chess.com"]

[Event "Titled Tuesday Blitz June 20 Early 2023"]
[White "Brown, Raehanna"]
[Black "Sai Han Thiha"]
[WhiteFideId "7402740"]
[BlackFideId "13012290"]
[WhiteElo "1655"]
[BlackElo "1953"]
[Result "0-1"]
[Round "6"]
[TimeControl "180+2"]
[Date "2023.06.20"]
[WhiteClock "0:00:08"]
[BlackClock "0:00:16"]
[Board "158"]

1. c4 Nf6 2. Nc3 g6 3. e4 d6 4. d4 Bg7 5. Be2 O-O 6. Nf3 e5 7. O-O Bg4 8. dxe5 Bxf3 9. exf6 Bxe2 10. Qxe2 Bxf6 11. Bh6 Re8 12. Nd5 c6 13. Nxf6+ Qxf6 14. Rfe1 Nd7 15. Rad1 Nc5 16. Bc1 Rxe4 17. Qd2 Rae8 18. Rxe4 Nxe4 19. Qc2 Re6 20. Be3 a6 21. Bd4 Qf5 22. f3 Ng3 23. Qb3 Ne2+ 24. Kf2 Nxd4 25. Rxd4 Qe5 26. Qd1 Qe3+ 27. Kf1 Qe5 28. b3 Qxh2 29. Kf2 Qe5 30. f4 Qe3+ 31. Kf1 Rf6 32. Rd2 Rxf4+ 0-1


[Site "https://www.chess.com"]

[Event "Titled Tuesday Blitz June 20 Early 2023"]
[White "Ansh M Shah"]
[Black "Sanchez, Robert"]
[WhiteFideId "25033379"]
[BlackFideId "2034360"]
[WhiteElo "2084"]
[BlackElo "2015"]
[Result "1-0"]
[Round "6"]
[TimeControl "180+2"]
[Date "2023.06.20"]
[WhiteClock "0:01:41"]
[BlackClock "0:01:25"]
[Board "159"]

1. d4 d5 2. c4 c6 3. cxd5 cxd5 4. Nc3 Nf6 5. Bf4 Nc6 6. Nf3 Bf5 7. e3 e6 8. Qb3 Bb4 9. Bb5 O-O 10. Bxc6 Bxc3+ 11. Qxc3 bxc6 12. O-O Rc8 13. Rac1 Ne4 14. Qa3 Qb6 15. Ne5 Qb7 16. Rfd1 f6 17. Nd3 g5 18. Bd6 Nxd6 19. Qxd6 Bxd3 20. Rxd3 Qxb2 21. Qxe6+ Kg7 22. Rdc3 Rb8 23. Rxc6 Rb6 24. Qxd5 Qd2 25. h4 g4 26. R6c2 Qb4 27. Rc7+ Kh6 28. Qf5 1-0


[Site "https://www.chess.com"]

[Event "Titled Tuesday Blitz June 20 Early 2023"]
[White "Semenova, Alina"]
[Black "Korchmar, Vasiliy"]
[WhiteFideId "24113875"]
[BlackFideId "24131750"]
[WhiteElo "1833"]
[BlackElo "2370"]
[Result "0-1"]
[Round "6"]
[TimeControl "180+2"]
[Date "2023.06.20"]
[WhiteClock "0:00:00"]
[BlackClock "0:01:40"]
[Board "160"]

1. e4 Nf6 2. Nc3 c5 3. Nf3 g6 4. d4 cxd4 5. Nxd4 Bg7 6. Bc4 O-O 7. f3 Nc6 8. Be3 d5 9. exd5 Na5 10. Bb3 b5 11. O-O b4 12. Ne4 Nxb3 13. Nxf6+ Bxf6 14. axb3 Qxd5 15. Qd2 a5 16. Rfd1 Rd8 17. Nc6 Qxd2 18. Rxd2 Rxd2 19. Bxd2 Bd7 20. Nxb4 Bxb2 21. Ra2 Bd4+ 22. Kh1 Ra7 23. Nd3 a4 24. bxa4 Be6 25. Ra3 Rc7 26. c3 Ba7 27. g3 Rd7 28. c4 Bf5 0-1


[Site "https://www.chess.com"]

[Event "Titled Tuesday Blitz June 20 Early 2023"]
[White "whiteglovethief"]
[Black "Guha, Eshan"]
[BlackFideId "30958628"]
[WhiteElo "2510"]
[BlackElo "2365"]
[Result "1-0"]
[Round "6"]
[TimeControl "180+2"]
[Date "2023.06.20"]
[WhiteClock "0:00:34"]
[BlackClock "0:00:00"]
[Board "161"]

1. d4 Nf6 2. c4 c5 3. d5 b5 4. cxb5 a6 5. Nc3 g6 6. e4 d6 7. Nf3 Bg7 8. bxa6 O-O 9. Be2 Qa5 10. O-O Bxa6 11. h3 Bxe2 12. Qxe2 Qa6 13. Qc2 Nbd7 14. Bg5 h6 15. Bf4 Rfb8 16. Rab1 Ne8 17. a3 Nc7 18. Rfe1 Nb5 19. Nxb5 Rxb5 20. e5 dxe5 21. Nxe5 Nxe5 22. Bxe5 Bxe5 23. Rxe5 Qd6 24. Rbe1 Rb7 25. Qe4 Rxb2 26. Re6 fxe6 27. Qxg6+ Kh8 28. Qxh6+ Kg8 29. Qg6+ Kh8 30. Rxe6 Qxd5 31. Qh6+ Kg8 32. Rg6+ Kf7 33. Qg7+ Ke8 34. Qxb2 Qd1+ 35. Kh2 Rd8 36. Rg8+ Kf7 37. Qg7+ Ke6 38. Qg6+ Kd7 39. Qf5+ Kc7 40. Qxc5+ Kb7 41. Qxe7+ Rd7 42. Qb4+ Kc7 43. Rg3 1-0


[Site "https://www.chess.com"]

[Event "Titled Tuesday Blitz June 20 Early 2023"]
[White "Daianu, Cristian-Clement"]
[Black "Vyatkin, Dmitry"]
[WhiteFideId "1208926"]
[BlackFideId "4171900"]
[WhiteElo "2097"]
[BlackElo "2279"]
[Result "0-1"]
[Round "6"]
[TimeControl "180+2"]
[Date "2023.06.20"]
[WhiteClock "0:00:19"]
[BlackClock "0:00:38"]
[Board "162"]

1. d4 Nf6 2. Nf3 g6 3. Bg5 Bg7 4. Nc3 d5 5. Qd2 Ne4 6. Nxe4 dxe4 7. Ng1 Qxd4 8. Qxd4 Bxd4 9. e3 Bxb2 10. Rb1 Bc3+ 11. Kd1 f6 12. Bh6 Kf7 13. Bc4+ e6 14. Rb3 Be5 15. h4 Nc6 16. Rb1 Rd8+ 17. Ke2 Na5 18. Bb3 b6 19. Ba4 c6 20. f4 Ba6+ 21. Kf2 Rd2+ 22. Kg3 Bd6 23. Nh3 Bc5 24. Rhe1 Nc4 25. Nf2 b5 26. Nxe4 Bb6 27. Bb3 Rd7 28. Kf3 Rad8 29. h5 Bb7 30. hxg6+ Kxg6 31. g4 c5 32. Bxc4 bxc4 33. Rh1 f5 34. gxf5+ exf5 35. Rbg1+ Kf7 36. Rg7+ Ke6 0-1


[Site "https://www.chess.com"]

[Event "Titled Tuesday Blitz June 20 Early 2023"]
[White "Shapiro, Daniel"]
[Black "Nikolova, Adriana"]
[WhiteFideId "2001780"]
[BlackFideId "2908689"]
[WhiteElo "2336"]
[BlackElo "2213"]
[Result "1/2-1/2"]
[Round "6"]
[TimeControl "180+2"]
[Date "2023.06.20"]
[WhiteClock "0:00:06"]
[BlackClock "0:00:58"]
[Board "163"]

1. d4 Nf6 2. c4 e6 3. g3 Bb4+ 4. Bd2 c5 5. Nf3 Qb6 6. Qb3 Bxd2+ 7. Nbxd2 Qxb3 8. Nxb3 cxd4 9. Nfxd4 a6 10. Bg2 d6 11. O-O Nbd7 12. Rfd1 Ke7 13. Rd2 Ne5 14. Rc1 Rb8 15. f4 Ned7 16. a4 g6 17. a5 e5 18. Nc2 exf4 19. gxf4 Nc5 20. Nbd4 Nce4 21. Rd3 Re8 22. Nb4 Be6 23. Nd5+ Bxd5 24. cxd5 Rec8 25. Rxc8 Rxc8 26. h3 Nc5 27. Rc3 Kd8 28. Kf1 Nce4 29. Rxc8+ Kxc8 30. Ke1 Kc7 31. b4 h6 32. Kd1 Ng3 33. Kc2 g5 34. fxg5 hxg5 35. Kd3 Nd7 36. Nf3 f6 37. e4 Nh5 38. Bf1 Nf4+ 39. Kd4 Ne5 40. Ne1 Kd7 41. Nc2 Nf3+ 42. Ke3 Ng1 43. h4 Ng6 44. hxg5 fxg5 45. Nd4 Nf4 46. Nf3 Ngh3 47. Nxg5 Nxg5 48. Kxf4 Nf7 49. Bd3 Ne5 50. Be2 Ke7 51. Kf5 Nd7 52. b5 axb5 53. Bxb5 Ne5 54. a6 bxa6 55. Bxa6 Nd7 56. Bb5 Ne5 57. Bd3 Nf3 58. Kf4 Ne5 59. Be2 Kf6 60. Bb5 Ng6+ 61. Ke3 Ke5 62. Bd3 Nf4 63. Bb1 Nh3 64. Bc2 Ng5 65. Bb1 Nh7 66. Bc2 Nf6 67. Bb1 Ng4+ 68. Kf3 Nh6 69. Ke3 Ng8 70. Kf3 Ne7 71. Ke3 Nc8 72. Bd3 Nb6 73. Bc2 Nc4+ 74. Kf3 Kd4 75. Kf4 Kc5 76. Bd3 Ne5 77. Be2 Ng6+ 78. Kf5 Ne5 79. Ke6 Ng6 80. Bg4 Ne5 81. Bf5 Nc4 82. Bh7 Kd4 83. Bf5 Kc5 84. Bh7 Nb6 85. Bf5 Nc4 1/2-1/2


[Site "https://www.chess.com"]

[Event "Titled Tuesday Blitz June 20 Early 2023"]
[White "LangesNasenhaar"]
[Black "Sovetbekova, Nurai"]
[BlackFideId "13801910"]
[WhiteElo "2453"]
[BlackElo "1857"]
[Result "1-0"]
[Round "6"]
[TimeControl "180+2"]
[Date "2023.06.20"]
[WhiteClock "0:02:00"]
[BlackClock "0:00:15"]
[Board "164"]

1. d4 Nf6 2. Nc3 d5 3. Bf4 c5 4. e4 dxe4 5. dxc5 Qxd1+ 6. Rxd1 Bg4 7. f3 exf3 8. Nxf3 Nbd7 9. Bb5 Rc8 10. b4 a6 11. Ba4 a5 12. a3 axb4 13. axb4 Bxf3 14. gxf3 e6 15. Bg5 Rd8 16. Bxf6 gxf6 17. Kf2 Bh6 18. Rxd7 Rxd7 19. Rd1 Kf8 20. Rxd7 Kg7 21. Rxb7 Rd8 22. Ne4 Rd1 23. c6 Rh1 24. c7 Rxh2+ 25. Kg3 Re2 26. c8=Q e5 27. Qg4+ 1-0


[Site "https://www.chess.com"]

[Event "Titled Tuesday Blitz June 20 Early 2023"]
[White "DanyKopy"]
[Black "Samaganova, Aleksandra"]
[BlackFideId "13800221"]
[WhiteElo "2452"]
[BlackElo "1858"]
[Result "1-0"]
[Round "6"]
[TimeControl "180+2"]
[Date "2023.06.20"]
[WhiteClock "0:00:08"]
[BlackClock "0:00:00"]
[Board "165"]

1. e4 c5 2. Nf3 e6 3. Nc3 a6 4. g3 b5 5. Bg2 Bb7 6. d3 Qc7 7. O-O Nf6 8. a4 b4 9. Nb1 d5 10. Bf4 Qc8 11. Nbd2 Be7 12. Re1 O-O 13. a5 Nbd7 14. h4 Bd8 15. Bd6 Re8 16. exd5 Bxd5 17. Nc4 Qb7 18. Ne3 Bc6 19. Ne5 Bxg2 20. Nxg2 Bc7 21. Nc4 Nd5 22. Qf3 N7f6 23. Bxc5 Qc6 24. Bd4 Red8 25. Bxf6 gxf6 26. Nge3 f5 27. Nxd5 Qxd5 28. Qxd5 Rxd5 29. Kg2 b3 30. cxb3 Rxd3 31. Re3 Rad8 32. Rc1 R3d5 33. b4 Rd4 34. Rb3 Bb8 35. b5 axb5 36. Rxb5 Rc8 37. b3 Rd3 38. a6 Ba7 39. Rb7 Bd4 40. Rxf7 Rxb3 41. a7 Bxa7 42. Rxa7 Rb4 43. Re7 Rbxc4 44. Rxc4 Rxc4 45. Rxe6 Kf7 46. Re5 Kg6 47. Rb5 Rc2 48. Kf3 Rc3+ 49. Kf4 Rc4+ 50. Kf3 Rc3+ 51. Kg2 Rc2 52. Rb4 Rc3 53. Rf4 Rb3 54. f3 Ra3 55. Kh3 Rb3 56. Kg2 Ra3 57. Rb4 Rc3 58. Rb6+ Kg7 59. Kf2 Ra3 60. Ke2 Rc3 61. Rd6 Ra3 62. Rd3 Ra2+ 63. Ke3 Rg2 64. Kf4 Ra2 65. Kxf5 Ra6 66. Kg4 Ra5 67. Kh3 Ra4 68. g4 Kg6 69. Kg3 Ra1 70. Rd6+ Kg7 71. Rb6 Ra2 72. h5 Ra4 73. g5 Ra5 74. f4 Ra3+ 75. Kg4 Ra1 76. Rb7+ Kg8 77. g6 hxg6 78. hxg6 Rg1+ 79. Kf5 Rf1 80. Kg5 Rg1+ 81. Kf6 1-0


[Site "https://www.chess.com"]

[Event "Titled Tuesday Blitz June 20 Early 2023"]
[White "Matyukov, Petr"]
[Black "Brueckner, Thomas"]
[WhiteFideId "4103688"]
[BlackFideId "4600452"]
[WhiteElo "2278"]
[BlackElo "2319"]
[Result "0-1"]
[Round "6"]
[TimeControl "180+2"]
[Date "2023.06.20"]
[WhiteClock "0:00:12"]
[BlackClock "0:00:03"]
[Board "166"]

1. d4 d5 2. c4 e6 3. Nc3 c5 4. cxd5 exd5 5. Nf3 Nc6 6. g3 Nf6 7. Bg2 Be7 8. O-O O-O 9. a3 c4 10. Bg5 Be6 11. Ne5 h6 12. Bf4 Rc8 13. Kh1 b5 14. Nxc6 Rxc6 15. Nxb5 Qb6 16. a4 a6 17. Nc3 Qxb2 18. Bd2 Qb3 19. e4 dxe4 20. Nxe4 Nxe4 21. Bxe4 Rc7 22. Bf4 Rd7 23. Bc2 Qb7+ 24. f3 Rfd8 25. Be3 Bf6 26. Be4 Bd5 27. Bf5 Re7 28. Kg1 Rxe3 29. Qd2 Re7 30. Qf4 Qc7 31. Rfe1 Qxf4 32. gxf4 Bxd4+ 33. Kg2 Rxe1 34. Rxe1 Bf6 35. Rd1 c3 36. Rc1 Bb3 37. Kf2 c2 38. Bxc2 Rd2+ 39. Ke3 Rxc2 40. Rb1 Bxa4 41. Rb8+ Kh7 42. Rb6 Bb5 43. Rb8 Rb2 44. Ke4 a5 45. Kf5 a4 46. Ra8 Rb3 47. Kg4 a3 48. Ra5 Bb2 49. h4 Be2 50. Kg3 Bxf3 51. h5 Be4+ 52. Kh4 Bf5 53. Rxf5 a2 54. Rxf7 a1=Q 55. f5 Qh1+ 56. Kg4 Qf3+ 57. Kh4 Qg3# 0-1


[Site "https://www.chess.com"]

[Event "Titled Tuesday Blitz June 20 Early 2023"]
[White "Matveeva, Olga"]
[Black "Kohler, Aran"]
[WhiteFideId "24107018"]
[BlackFideId "1002856"]
[WhiteElo "2009"]
[BlackElo "2304"]
[Result "1-0"]
[Round "6"]
[TimeControl "180+2"]
[Date "2023.06.20"]
[WhiteClock "0:00:58"]
[BlackClock "0:00:43"]
[Board "167"]

1. d4 Nf6 2. c4 c5 3. d5 e6 4. Nc3 exd5 5. cxd5 d6 6. e4 g6 7. h3 Bg7 8. Nf3 O-O 9. Bd3 a6 10. a4 Re8 11. O-O Nbd7 12. Bf4 Ne5 13. Be2 Nh5 14. Bh2 Nxf3+ 15. Bxf3 Qh4 16. Bxh5 gxh5 17. Bxd6 Be5 18. Bxe5 Rxe5 19. f4 Re8 20. Qe1 Qe7 21. Qg3+ Kh8 22. Rae1 Rg8 23. Qf3 h4 24. f5 Qe5 25. Qf4 Qd4+ 26. Kh1 Bd7 27. e5 b5 28. Rd1 Qxf4 29. Rxf4 bxa4 30. e6 fxe6 31. fxe6 Bb5 32. Rxh4 Raf8 33. Ne4 Bc4 34. e7 Rb8 35. Nf6 Bb3 36. Rxh7# 1-0


[Site "https://www.chess.com"]

[Event "Titled Tuesday Blitz June 20 Early 2023"]
[White "Vega Gutierrez, Sabrina"]
[Black "Kuzmin, Ilya"]
[WhiteFideId "2219026"]
[BlackFideId "4153863"]
[WhiteElo "2209"]
[BlackElo "2093"]
[Result "1/2-1/2"]
[Round "6"]
[TimeControl "180+2"]
[Date "2023.06.20"]
[WhiteClock "0:00:05"]
[BlackClock "0:00:08"]
[Board "168"]

1. e4 d5 2. exd5 Qxd5 3. Nf3 Nf6 4. Be2 e5 5. Nc3 Qa5 6. O-O Bd6 7. d4 exd4 8. Nxd4 a6 9. Nb3 Qf5 10. Bd3 Qh5 11. Re1+ Kf8 12. Qxh5 Nxh5 13. Ne4 Be7 14. c3 Nc6 15. Be2 Nf6 16. Nxf6 Bxf6 17. Bf4 Bd8 18. Rad1 Be6 19. Bf3 g5 20. Bg3 Kg7 21. Nc5 Bxa2 22. Nxb7 Bb3 23. Rd7 Na7 24. Nc5 Bf6 25. Bxa8 Rxa8 26. Nxb3 Rb8 27. Nc5 Rxb2 28. Rxc7 Nb5 29. h4 Nxc7 30. hxg5 Bxc3 31. Rc1 Bd2 32. Be5+ Kg6 33. Bxb2 Bxc1 34. Bxc1 a5 35. f4 Nd5 36. Kf2 f6 37. gxf6 Kxf6 38. Kf3 h5 39. Bb2+ Kf5 40. Nd3 a4 41. g3 Nb6 42. Nf2 Nc4 43. Bc1 a3 44. Bxa3 Nxa3 45. Nd1 Nc4 46. Ne3+ Nxe3 47. Kxe3 Kg4 48. Kf2 h4 49. gxh4 Kxf4 50. Kg2 Kg4 51. Kh2 Kxh4 1/2-1/2


[Site "https://www.chess.com"]

[Event "Titled Tuesday Blitz June 20 Early 2023"]
[White "Carrasco Miranda, Andres"]
[Black "Francisco_Ferrari"]
[WhiteFideId "3405990"]
[WhiteElo "2183"]
[BlackElo "2269"]
[Result "1-0"]
[Round "6"]
[TimeControl "180+2"]
[Date "2023.06.20"]
[WhiteClock "0:01:09"]
[BlackClock "0:00:13"]
[Board "169"]

1. d4 g6 2. c4 Bg7 3. Nf3 d6 4. g3 Nc6 5. Bg2 Bg4 6. d5 Bxf3 7. exf3 Ne5 8. f4 Nd7 9. O-O Ngf6 10. Nc3 O-O 11. Re1 Re8 12. Be3 a5 13. Rc1 e6 14. dxe6 Rxe6 15. b3 c6 16. Bh3 Rxe3 17. Rxe3 Nc5 18. Qe2 h5 19. Rd1 Qc7 20. Re7 Qb6 21. Rxd6 Ng4 22. Nd5 Qa7 23. Re8+ Rxe8 24. Qxe8+ Kh7 25. Bxg4 hxg4 26. Ne7 Ne4 27. Qg8+ Kh6 28. Nf5+ Kh5 29. Qh7+ Bh6 30. Qxh6# 1-0


[Site "https://www.chess.com"]

[Event "Titled Tuesday Blitz June 20 Early 2023"]
[White "Szente Varga, Fruzsina"]
[Black "Thiel, Thomas"]
[WhiteFideId "712264"]
[BlackFideId "4615964"]
[WhiteElo "1994"]
[BlackElo "2231"]
[Result "1-0"]
[Round "6"]
[TimeControl "180+2"]
[Date "2023.06.20"]
[WhiteClock "0:00:02"]
[BlackClock "0:00:00"]
[Board "170"]

1. e4 d5 2. exd5 Nf6 3. d4 Nxd5 4. c4 Nb6 5. Nc3 e5 6. d5 Bb4 7. Bd3 c6 8. dxc6 Nxc6 9. Ne2 O-O 10. O-O f5 11. f3 Nd4 12. Be3 Be6 13. Qb3 Bc5 14. Bxd4 Bxd4+ 15. Kh1 Rc8 16. Nxd4 Qxd4 17. Rad1 Bxc4 18. Bxc4+ Qxc4 19. Qa3 Qa6 20. Qxa6 bxa6 21. Rfe1 Rfe8 22. Kg1 Nc4 23. Na4 Nb6 24. Nxb6 axb6 25. Rd6 Rc2 26. Rxb6 Rd8 27. f4 e4 28. g4 e3 29. gxf5 e2 30. Kf2 Rd4 31. Rxe2 Rxf4+ 32. Ke3 Rxe2+ 33. Kxe2 a5 34. Rb5 Rh4 35. Rxa5 Rxh2+ 36. Kf3 Rxb2 37. a4 Ra2 38. Ra7 h6 39. Kg4 Rg2+ 40. Kf3 Ra2 41. a5 Ra4 42. a6 Kh8 43. Ke3 Kg8 44. Kd3 Kh8 45. Kc3 Ra5 46. f6 gxf6 47. Kb4 Ra1 48. Kb5 Rb1+ 49. Kc6 Rc1+ 50. Kd6 Rd1+ 51. Ke6 Re1+ 52. Kxf6 Rf1+ 53. Kg6 Rg1+ 54. Kxh6 Rh1+ 55. Kg6 Rg1+ 56. Kf6 Ra1 57. Ke6 Kg8 58. Kd6 Kf8 59. Kc6 Ke8 60. Kb7 Kd7 61. Ra8 Rb1+ 62. Ka7 Kc7 63. Rh8 Ra1 64. Rh4 Kc8 65. Rc4+ Kd7 66. Kb8 Rb1+ 67. Ka8 Ra1 68. a7 Kd8 69. Kb7 Rb1+ 70. Ka6 Ra1+ 71. Kb6 Kd7 72. Rc7+ Kd8 73. Rc5 1-0


[Site "https://www.chess.com"]

[Event "Titled Tuesday Blitz June 20 Early 2023"]
[White "Xavier_mompel"]
[Black "Abduzhaparov"]
[WhiteElo "2227"]
[BlackElo "2383"]
[Result "1-0"]
[Round "6"]
[TimeControl "180+2"]
[Date "2023.06.20"]
[WhiteClock "0:00:10"]
[BlackClock "0:00:00"]
[Board "171"]

1. e4 d6 2. d4 Nf6 3. Nc3 e5 4. dxe5 dxe5 5. Qxd8+ Kxd8 6. Bc4 Ke8 7. Bg5 Nbd7 8. O-O-O a6 9. f3 h6 10. Bh4 g5 11. Bg3 Nh5 12. Nd5 Bd6 13. Ne3 Nb6 14. Bb3 Be6 15. Nd5 Nxd5 16. Bxd5 Rb8 17. Ne2 Ke7 18. c4 Bc8 19. c5 Bxc5 20. Bxe5 f6 21. Bxc7 Ra8 22. Ba5 Bd7 23. Bc3 Bb5 24. Nd4 Bxd4 25. Bxd4 Nf4 26. Kb1 Rad8 27. Bc5+ Ke8 28. Bxb7 Nd3 29. Ba3 Kf7 30. Bd5+ Kg6 31. Rd2 Rhe8 32. Rhd1 Ne5 33. h4 Rb8 34. hxg5 hxg5 35. Ka1 Ba4 36. b3 Bb5 37. Rh1 Rh8 38. Rc1 1-0


[Site "https://www.chess.com"]

[Event "Titled Tuesday Blitz June 20 Early 2023"]
[White "Silva Lucena, Cristian"]
[Black "Sariego Figueredo, Wilfredo"]
[WhiteFideId "2232588"]
[BlackFideId "3500080"]
[WhiteElo "2223"]
[BlackElo "2309"]
[Result "0-1"]
[Round "6"]
[TimeControl "180+2"]
[Date "2023.06.20"]
[WhiteClock "0:00:15"]
[BlackClock "0:00:25"]
[Board "172"]

1. c4 c6 2. Nc3 d5 3. Nf3 Nf6 4. e3 e6 5. d4 Be7 6. Be2 O-O 7. O-O a6 8. c5 Re8 9. Ne5 Nbd7 10. f4 Ne4 11. Nxe4 dxe4 12. Qc2 f5 13. Bc4 Nf6 14. Bd2 Nd5 15. Kh1 Bf6 16. Rg1 Bxe5 17. fxe5 Kh8 18. Raf1 b5 19. cxb6 Qxb6 20. g4 Rb8 21. b3 a5 22. gxf5 exf5 23. Qd1 Be6 24. Qh5 Qc7 25. Rg3 g6 26. Qh6 Qg7 27. Qh4 Qe7 28. Qh6 Qg7 29. Qh4 a4 30. Rfg1 Qe7 31. Qh6 Qg7 32. Rxg6 Qxh6 33. Rxh6 axb3 34. axb3 Rb7 35. Ra1 Kg7 36. Rh4 Kh8 37. Ra6 Rg8 38. Rxc6 Rbg7 0-1


[Site "https://www.chess.com"]

[Event "Titled Tuesday Blitz June 20 Early 2023"]
[White "Gyulamiryan-koryun"]
[Black "sebastianmarinp"]
[WhiteElo "1749"]
[BlackElo "2373"]
[Result "0-1"]
[Round "6"]
[TimeControl "180+2"]
[Date "2023.06.20"]
[WhiteClock "0:00:00"]
[BlackClock "0:00:05"]
[Board "173"]

1. d4 Nf6 2. c4 e6 3. Nf3 Bb4+ 4. Bd2 a5 5. g3 d5 6. Bg2 O-O 7. O-O dxc4 8. Qc2 b5 9. Ne5 Nd5 10. a4 Bxd2 11. Qxd2 c6 12. Na3 Ba6 13. e4 Nb4 14. axb5 cxb5 15. d5 Nd7 16. Ng4 exd5 17. exd5 Nf6 18. Ne3 Qd6 19. Qd4 Rfe8 20. Nf5 Qe5 21. Qxe5 Rxe5 22. Nd4 Rb8 23. Nc6 Nxc6 24. dxc6 Kf8 25. Nc2 b4 26. Rfe1 Rxe1+ 27. Rxe1 Rc8 28. Nd4 Ne8 29. Nf5 Rc7 30. Rd1 g6 31. Nd4 Bc8 32. Nb5 Re7 33. Ra1 Ba6 34. Rxa5 Re1+ 35. Bf1 Bxb5 36. Rxb5 c3 37. bxc3 bxc3 38. Rc5 Re7 39. Bb5 Rc7 40. Rxc3 Ke7 41. Ba4 Nf6 42. Kf1 Kd6 43. Rd3+ Kc5 44. f3 Kb4 0-1


[Site "https://www.chess.com"]